 Dungeon Crawl Stone Soup version 0.29.1-12-g30fa7ad0bf (webtiles) character file.

Game seed: 11933233501838260114

798 sanboga the Ruffian (level 7, 0/84 HPs)
             Began as a Demonspawn Berserker on Dec 13, 2022.
             Was a Priest of Trog.
             Slain by an iguana (8 damage)
             ... on level 6 of the Dungeon.
             The game lasted 00:05:55 (4454 turns).

sanboga the Ruffian (Demonspawn Berserker)          Turns: 4454, Time: 00:05:56

Health: 0/84       AC: 10    Str: 23    XL:     7   Next: 58%
Magic:  7/7        EV:  8    Int:  8    God:    Trog [***...]
Gold:   190        SH:  0    Dex: 11    Spells: 6/6 levels left

rFire   + . .      SeeInvis +     - Unarmed
rCold   . . .      Faith    .   (no shield)
rNeg    . . .      Spirit   .   c - +0 chain mail
rPois   .          Reflect  .   (helmet restricted)
rElec   .          Harm     .   (no cloak)
rCorr   .          Rampage  .   g - +0 pair of gloves
Will    .....                   (no boots)
Stlth   ..........              (no amulet)
HPRegen 1.24/turn               r - ring of protection from fire
MPRegen 0.10/turn               l - ring of see invisible

@: berserking, very quick
A: foul stench 1, powered by death 2, antennae 1, strong 1
a: Renounce Religion, Berserk, Trog's Hand


You were on level 6 of the Dungeon.
You worshipped Trog.
Trog was most pleased with you.
You visited 1 branch of the dungeon, and saw 8 of its levels.

You collected 190 gold pieces.

Inventory:

Armour
 c - a +0 chain mail (worn)
 g - a +0 pair of gloves (worn)
Jewellery
 l - a ring of see invisible (right hand)
 r - a ring of protection from fire (left hand)
Scrolls
 a - 2 scrolls of poison {unknown}
 d - 3 scrolls of enchant weapon {unknown}
 e - a scroll of identify {unknown}
 f - 2 scrolls of magic mapping {unknown}
 i - a scroll of fear {unknown}
 j - a scroll of immolation {unknown}
 k - a scroll of fog {unknown}
 n - 2 scrolls of vulnerability {unknown}
 o - 4 scrolls of teleportation {unknown}
 q - a scroll of summoning {unknown}
Potions
 h - a potion of mutation
 m - a potion of curing
 p - 2 potions of cancellation {unknown}


   Skills:
 + Level 5.2 Fighting
 + Level 4.2 Armour
 - Level 1.7 Dodging
 * Level 6.1 Unarmed Combat


You had 6 spell levels left.
You didn't know any spells.
Your spell library was empty.

Dungeon Overview and Level Annotations

Branches:
Dungeon (8/15)
 Temple: D:4-7         Lair: D:8-11

Altars:
Fedhas
Qazlal
Sif Muna

Shops:
D:3 (


Innate Abilities, Weirdness & Mutations

You may rarely emit foul miasma when damaged in melee.
You regenerate health from kills.
You have a pair of small antennae on your head.
Your muscles are strong. (Str +4, Int/Dex -1)


Message History

The centaur is heavily wounded.
The centaur hits you. The centaur barely misses you.
The howler monkey barely misses you.
You are too injured to fight recklessly!
You hit the centaur but do no damage.
The centaur is heavily wounded.
The centaur hits you.
* * * LOW HITPOINT WARNING * * *
The centaur kicks you but does no damage.
The howler monkey barely misses you.
The iguana bites you but does no damage.
You hit the centaur but do no damage. Your punch misses the centaur.
The centaur is heavily wounded.
The centaur hits you.
* * * LOW HITPOINT WARNING * * *
The centaur kicks you but does no damage.
The howler monkey barely misses you.
The centaur hits you but does no damage.
The centaur kicks you but does no damage.
The iguana closely misses you.
A red film seems to cover your vision as you go berserk!
You feel yourself moving faster!
You feel mighty! The centaur hits you.
* * * LOW HITPOINT WARNING * * *
The centaur barely misses you. The howler monkey closely misses you.
The iguana bites you but does no damage.
You pummel the centaur!!
You kill the centaur!
Trog accepts your kill. The howler monkey barely misses you.
Your Unarmed Combat skill increases to level 6!
You hit the iguana.
The iguana is lightly wounded.
The iguana bites you.
* * * LOW HITPOINT WARNING * * *
The howler monkey hits you but does no damage.
You punch the iguana!
The iguana is severely wounded.
The howler monkey hits you but does no damage.
The iguana bites you!
You die...

..PPPP....# ..
........########
...
....###))......>
...####
#.†......##
..... #.#).....#
... #.#.####.#
#.###'#'### #
#.....)...#
##...h@...#
#...l....#
+........#
#........#
#........#####
#.#......#
#.###### #. #.


You could see a howler monkey and an iguana.

Vanquished Creatures
  A water moccasin (D:8)
  A black bear (D:4)
  An ogre (D:4)
  A centaur (D:6)
  2 howler monkeys (D:8)
  2 orc priests
  An iguana (D:4)
  4 orc wizards
  4 adders
  A shadow imp (D:8)
  2 dart slugs
  A worm (D:2)
  22 orcs
  9 ball pythons
  11 bats
  10 endoplasms
  5 giant cockroaches
  7 goblins
  6 hobgoblins
  A jackal (D:1)
  5 kobolds
  5 quokkas
  4 frilled lizards
  4 rats
110 creatures vanquished.

Notes
Turn   | Place    | Note
-------+----------+-------------------------------------------
     0 | D:1      | sanboga the Demonspawn Berserker began the quest for the
                  | Orb.
     0 | D:1      | Reached XP level 1. HP: 18/18 MP: 1/1
   209 | D:1      | Reached skill level 3 in Unarmed Combat
   209 | D:1      | Gained mutation: You regenerate a little health from kills.
                  | [demonic ancestry]
   209 | D:1      | Reached XP level 2. HP: 24/24 MP: 2/2
   356 | D:1      | Reached ** piety under Trog
   410 | D:1      | Reached XP level 3. HP: 29/29 MP: 3/3
   781 | D:1      | Found a faded altar of an unknown god.
  1198 | D:2      | Found a stormy altar of Qazlal.
  1356 | D:2      | Reached XP level 4. HP: 31/35 MP: 4/4
  1371 | D:2      | Gained mutation: You have a pair of small antennae on your
                  | head. [potion of mutation]
  1371 | D:2      | Gained mutation: Your muscles are strong. (Str +4, Int/Dex
                  | -1) [potion of mutation]
  1705 | D:2      | Reached skill level 4 in Unarmed Combat
  2300 | D:3      | Gained mutation: You regenerate health from kills. [demonic
                  | ancestry]
  2300 | D:3      | Reached XP level 5. HP: 42/42 MP: 5/5
  2778 | D:3      | Found Nockulin's Weapon Boutique.
  2842 | D:3      | Reached *** piety under Trog
  2870 | D:3      | Found a shimmering blue altar of Sif Muna.
  3276 | D:4      | Noticed an ogre
  3283 | D:4      | HP: 2/63 [ogre/+0 giant club (18)]
  3284 | D:4      | Killed an ogre
  3285 | D:4      | Reached XP level 6. HP: 3/49 MP: 6/6
  3605 | D:4      | Reached skill level 5 in Unarmed Combat
  4037 | D:5      | Entered Level 5 of the Dungeon
  4051 | D:5      | You fall into a shaft and drop 3 floors!
  4064 | D:8      | Gained mutation: You may rarely emit foul miasma when
                  | damaged in melee. [demonic ancestry]
  4064 | D:8      | Reached XP level 7. HP: 54/55 MP: 7/7
  4100 | D:8      | Reached skill level 5 in Fighting
  4398 | D:6      | Found a blossoming altar of Fedhas.
  4453 | D:6      | Reached skill level 6 in Unarmed Combat
  4454 | D:6      | Slain by an iguana

Illustrated notes

Levels and vault maps discovered:
D:1:      nzn_arrival_depleted_hourglass, layout_loops_ring,
          hellmonk_ecumenical_altar_pennies_from_heaven, minmay_tromino_mix6
D:2:      layout_basic, serial_corexii_hall, chequers_hall_statues_y,
          chequers_hall_statues_wall_a, basic_altar, hangedman_decor_push
D:3:      layout_loops_ring, nicolae_sif_muna_little_library, serial_shops,
          nicolae_shop_hallway_stairs
D:4:      layout_loops_cross
D:5:      layout_basic, mainiacjoe_overflow_large_starburst,
          minmay_temple_entry_stoned_glass
D:6:      layout_basic, fedhas_bush_and_centaur_altar
D:7:      layout_loops_cross, serial_shops,
          nicolae_shop_competitors_out_of_business, uniq_joseph,
          uniq_crazy_yiuf_cottage
D:8:      layout_cave_pods, gammafunk_temple_overflow_claw, serial_shops,
          nicolae_shop_trees, nicolae_shop_waterfront, nicolae_take_the_stairs,
          shop

Skill      XL: |  1  2  3  4  5  6  7 |
---------------+----------------------+-----
Armour         | 2 3 4 |  4.2
Unarmed Combat | 3 4 5 6 |  6.1
Fighting       | 4 5 |  5.2
Dodging        | |  1.7

Action                   |  1- 3 |  4- 6 |  7- 9 || total
-------------------------+-------+-------+-------++-------
Melee: Unarmed           |   132 |   226 |    54 ||   412
       Punch             |     2 |     5 |     1 ||     8
Invok: Berserk           |     1 |     2 |     1 ||     4
  Use: Potion            |       |     8 |       ||     8
 Stab: Sleeping          |     1 |       |       ||     1
Armor: Chain mail        |    70 |   158 |    40 ||   268
       Animal skin       |     2 |       |       ||     2
Dodge: Dodged            |    51 |    81 |    29 ||   161
